 Dungeon Crawl Stone Soup version 0.32-a0-931-g5a2cda0630 (webtiles) character file.

Game seed: 11206377434530664125

35 smashvw the Magician (level 3, -2/27 HPs)
             Began as a Djinni Air Elementalist on Apr 14, 2024.
             Slain by a gnoll
             ... wielding a +0 flail
              (9 damage)
             ... on level 1 of the Dungeon.
             The game lasted 00:01:54 (666 turns).

smashvw the Magician (Djinni Air Elementalist)       Turns: 666, Time: 00:01:54

Health: -2/27      AC:  2    Str:  7    XL:     3   Next: 52%
Gold:   52         EV: 11    Int: 18    God:
                   SH:  0    Dex: 13

rFire   + + +        b - staff of fire
rCold   x . .        (no shield)
rNeg    . . .        a - +0 robe
rPois   ∞            (no helmet)
rElec   .            (no cloak)
rCorr   .            (no gloves)
SInv    .            (boots unavailable)
Will    .....        (no amulet)
Stlth   ++           (no ring)
HPRegen 0.24/turn    (no ring)

%: infuse magic (-3 HP)
@: flying
A: sickness immunity, fire resistance 2, cold vulnerability 1, float, innate
caster, HP casting, extra vitality 1
a: no special abilities


You were on level 1 of the Dungeon.
You visited 1 branch of the dungeon, and saw 1 of its levels.

You collected 52 gold pieces.

Inventory:

Armour
 a - a +0 robe (worn)
 d - a +0 buckler
Magical Staves
 b - a staff of fire (weapon)
Scrolls
 f - a scroll of teleportation {unknown}
 g - a scroll of identify {unknown}
Potions
 c - a potion of cancellation {unknown}
 e - a potion of magic {unknown}


   Skills:
 + Level 1.4 Fighting
 - Level 2.1 Dodging
 - Level 1.5 Stealth
 + Level 3.6 Spellcasting
 + Level 3.6 Conjurations
 + Level 3.6 Hexes
 + Level 3.6 Summonings
 + Level 3.6 Necromancy
 + Level 3.6 Translocations
 + Level 3.6 Fire Magic
 + Level 3.6 Ice Magic
 + Level 3.6 Air Magic
 + Level 3.6 Earth Magic
 + Level 3.6 Alchemy


You knew the following spells:

 Your Spells              Type           Power      Damage    Failure   Level
a - Shock                 Conj/Air       64%        1d7       3%          1
b - Static Discharge      Conj/Air       32%        3-5/arc   5%          2
c - Swiftness             Air            16%        N/A       11%         3
d - Airstrike             Air            8%         2d(2-18)  34%         4
e - Slow                  Hex            64%        N/A       3%          1
Your spell library was empty.

Dungeon Overview and Level Annotations

Branches:
Dungeon (1/15)

Altars:


Innate Abilities, Weirdness & Mutations

You are immune to sickness and miasma.
You are immune to poison.
Your flesh is very heat resistant. (rF++)
You are vulnerable to cold. (rC-)
You float through the air rather than walking.
You learn spells naturally, not from books.
Your magical power is your life essence.
You have superior vitality. (+4 MHP)


Message History

You kill the endoplasm!
A ball python comes into view.
The zap misses the rat.
The ball python hisses angrily.
A gnoll comes into view. It is wielding a +0 flail.
The zap hits the rat.
You kill the rat!
The zap hits the ball python!
You kill the ball python!
The gnoll shouts!
The zap misses the gnoll.
A kobold comes into view. It is wielding a +0 short sword.
The zap hits the gnoll.
The gnoll is moderately wounded.
Casting: Shock (safe; 3% risk of failure)
Confirm with . or Enter, or press ? or * to list all spells.
Aiming: Slow (safe; 3% risk of failure)
Press: ? - help, Shift-Dir - straight line, f/p - gnoll
Aim: a gnoll, wielding a +0 flail (moderately wounded, chance to affect: 58%)
The gnoll resists with significant effort.
The zap misses the gnoll.
The zap hits the gnoll.
The gnoll is moderately wounded.
The zap hits the gnoll but does no damage.
The gnoll is moderately wounded.
The gnoll misses you.
The zap hits the gnoll.
The gnoll is severely wounded.
The zap misses the kobold.
The gnoll hits you with a +0 flail!
You are too injured to fight recklessly!
Casting: Shock (safe; 3% risk of failure)
Confirm with . or Enter, or press ? or * to list all spells.
The kobold is struck by an arc of lightning.
You kill the kobold!
You are struck by an arc of lightning.
* * * LOW HITPOINT WARNING * * *
The lightning grounds out.
* * * LOW HITPOINT WARNING * * *
The gnoll hits you with a +0 flail!
You die...

#....##............##~.##
#....##............##~.#.
#....##............##~.#≈
.. +.............##~.#≈
... #.............##~.#.
.[..#.............##~.##
..................##~ß#.
..................##~.##
...†..g@..........##~..ß
.....#)..:........##~~~~
... #........÷...###### .
#............#
#............#
#########..### ##..# ##.#
#.#


You could see a gnoll.

Vanquished Creatures
  A gnoll (D:1)
  3 ball pythons (D:1)
  3 endoplasms (D:1)
  2 hobgoblins (D:1)
  4 kobolds (D:1)
  A quokka (D:1)
  5 bats (D:1)
  A frilled lizard (D:1)
  7 rats (D:1)
27 creatures vanquished.

Notes
Turn   | Place    | Note
-------+----------+-------------------------------------------
     0 | D:1      | smashvw the Djinni Air Elementalist began the quest for the
                  | Orb.
     0 | D:1      | smashvw set off with the following spells memorised: Shock,
                  | Static Discharge, Swiftness, Airstrike.
     0 | D:1      | Reached XP level 1. HP: 15/15 MP: 0/0
    85 | D:1      | Reached XP level 2. HP: 19/21 MP: 0/0
   444 | D:1      | Reached skill level 1 in Fighting
   444 | D:1      | Reached XP level 3. HP: 26/27 MP: 0/0
   444 | D:1      | Learned a level 1 spell: Slow
   666 | D:1      | Slain by a gnoll

Illustrated notes

Levels and vault maps discovered:
D:1:      lightli_arrival_isolated_outpost, layout_basic

Skill      XL: |  1  2 |
---------------+-------+-----
Fighting       | 1 |  1.4
Dodging        | |  2.1
Stealth        | |  1.5
Spellcasting   | |  3.6
Conjurations   | |  3.6
Hexes          | |  3.6
Summonings     | |  3.6
Necromancy     | |  3.6
Translocations | |  3.6
Fire Magic     | |  3.6
Ice Magic      | |  3.6
Air Magic      | |  3.6
Earth Magic    | |  3.6
Alchemy        | |  3.6

Action                     || total
---------------------------++-------
  Melee: Staff             ||     1
   Cast: Shock             ||    55
         Static Discharge  ||     2
         Slow              ||     1
 Armour: Robe              ||    12
  Dodge: Dodged            ||     4

Table legend: (Time is in decaauts)
 A = Elapsed time spent in this place.
 B = Non-inter-level travel time spent in this place.
 C = Inter-level travel time spent in this place.
 D = Time resting spent in this place.
 E = Time spent auto-exploring this place.
 F = Levels seen in this place.
 G = Mean time per level.
                   A        B        C        D        E       F      G
               +--------+--------+--------+--------+--------+-----+--------+
         Total |    665 |    665 |      0 |      0 |    560 |   1 |  665.0 |
       Dungeon |    665 |    665 |      0 |      0 |    560 |   1 |  665.0 |
               +--------+--------+--------+--------+--------+-----+--------+

Top non-repeatable levels by time:
     D:1: 665 daAuts
